 Dungeon Crawl Stone Soup version 0.17-a0-226-ge260c71 (webtiles) character file.

339554 Ngotmuk the Peltast (level 21, -8/179 HPs)
             Began as a Minotaur Fighter on Mar 28, 2015.
             Was the Champion of Cheibriados.
             Mangled by a jiangshi (12 damage)
             ... summoned by a vampire mage
             ... on level 4 of the Vaults.
             The game lasted 02:54:37 (42407 turns).

Ngotmuk the Peltast (Minotaur Fighter)             Turns: 42407, Time: 02:54:38

Health: -8/179     AC: 34    Str: 55      XL:     21   Next: 5%
Magic:  30/30      EV: 22    Int: 17 (20) God:    Cheibriados [******]
Gold:   4461       SH: 30    Dex: 26      Spells: 0 memorised, 20 levels left

rFire  + . .     SeeInvis .     P - +5 flail of Hegol {flame, rPois Stlth+}
rCold  + . .     Clarity  +     a - +3 plate armour
rNeg   . . .     SustAb   .     F - +2 large shield {rF+}
rPois  +         Gourm    .     R - +2 hat
rElec  .         Spirit   .     U - +0 cloak {MR+}
rCorr  .         Warding  .     n - +1 pair of gloves {archery}
rMut   +         Stasis   .     L - +2 pair of boots
MR     +++..                    S - amulet "Irasuwk" {rMut Str+5}
Stlth  ..........               w - ring "Uphidaj" {rPois rF+ MR+ Str+5}
                                H - ring of ice

@: about to teleport, heavily drained, very slow, extremely resistant to hostile
enchantments, extremely unstealthy
A: retaliatory headbutt, beak, hooves 1, horns 2, molten scales 2, slimy green
scales 1, clarity, frail 1, sense surroundings 3
a: Bend Time, Temporal Distortion, Slouch, Step From Time, Renounce Religion
}: 2/15 runes: decaying, serpentine


You were on level 4 of the Vaults.
You worshipped Cheibriados.
Cheibriados was exalted by your worship.
You were not hungry.

You visited 8 branches of the dungeon, and saw 43 of its levels.
You also visited: Labyrinth, Ossuary and Volcano.

You collected 4690 gold pieces.
You spent 229 gold pieces at shops.

Inventory:

Hand weapons
 q - the +1 flail of the Chickpea {elec, rN+}
   (You bought it in a shop on level 4 of the Orcish Mines)

   Occasionally, upon striking a foe, it will discharge some electrical energy
   and cause terrible harm.
   It protects you from negative energy.
 E - the +2 mace of Cimoiv {drain, +Blink +Fly}
   (You took it off an orc warrior on level 3 of the Orcish Mines)

   A truly terrible weapon, it drains the life of those it strikes.
   It lets you fly.
   It lets you blink.
 P - the +5 flail of Hegol (weapon) {flame, rPois Stlth+}
   (You found it on level 8 of the Lair of Beasts)

   It has been specially enchanted to burn those struck by it, causing extra
   injury to most foes and up to half again as much damage against particularly
   susceptible opponents.
   It protects you from poison.
   It makes you more stealthy.
Armour
 a - a +3 plate armour (worn)
 n - a +1 pair of gloves of archery (worn)
 F - a +2 large shield of fire resistance (worn)
 L - a +2 pair of boots (worn)
 R - a +2 hat (worn)
 U - a +0 cloak of magic resistance (worn)
Jewellery
 w - the ring "Uphidaj" (right hand) {rPois rF+ MR+ Str+5}
   (You found it on level 3 of the Vaults)

   [ring of protection from fire]

   It affects your strength (+5).
   It protects you from fire.
   It protects you from poison.
   It affects your resistance to hostile enchantments.
 H - a ring of ice (left hand)
 Q - the ring of Deun {Fire rElec MP+9 SInv}
   (You found it on level 2 of the Vaults)

   [ring of fire]

   It enhances your fire magic, and weakens your ice magic.
   It protects you from fire.
   It makes you vulnerable to cold.
   It insulates you from electricity.
   It affects your magic capacity (+9).
   It enhances your eyesight.
 S - the amulet "Irasuwk" (around neck) {rMut Str+5}
   (You found it on level 4 of the Swamp)

   [amulet of resist mutation]

   It protects you from mutation.
   It affects your strength (+5).
 Z - an uncursed amulet of resist corrosion
Magical devices
 m - a wand of disintegration (6)
 O - a wand of digging (14)
Scrolls
 c - 3 scrolls of fog
 g - 14 scrolls of remove curse
 h - 2 scrolls of teleportation
 k - 6 scrolls of recharging
 o - 19 scrolls of identify
 r - 7 scrolls of blinking
 s - 7 scrolls of enchant armour
 v - 5 scrolls of immolation
 A - 5 scrolls of magic mapping
 I - 5 scrolls of fear
 J - 3 scrolls of holy word
 M - 6 scrolls of enchant weapon
 N - 5 scrolls of amnesia
Potions
 e - 4 potions of might
 f - 9 potions of restore abilities
 i - 4 potions of resistance
 l - 3 potions of cancellation
 p - 5 potions of lignification
 t - 21 potions of curing
 u - 6 potions of agility
 x - 5 potions of flight
 z - 4 potions of heal wounds
 C - 6 potions of brilliance
 G - 5 potions of magic
 V - a potion of cure mutation
 W - 2 potions of ambrosia
Comestibles
 b - 12 beef jerkies
 d - 20 bread rations
 B - 14 meat rations


   Skills:
 + Level 19.5(15.6) Fighting
 + Level 18.9(15.1) Maces & Flails
 + Level 18.7(14.9) Armour
 + Level 17.8(14.1) Dodging
 + Level 19.6(15.7) Shields
 + Level 11.3(8.1) Invocations


You had 20 spell levels left.
You didn't know any spells.

Dungeon Overview and Level Annotations

Branches:
Dungeon (15/15)            Temple (1/1) D:6            Lair (8/8) D:11
  Swamp (5/5) Lair:4        Snake (5/5) Lair:4        Slime (1/6) Lair:8
    Orc (4/4) D:10            Elf (0/3) Orc:3        Vaults (4/5) D:14
  Crypt (0/3) Vaults:2     Depths (0/5) D:15

Altars:
Ashenzari
Cheibriados
Dithmenos
Elyvilon
Fedhas
Gozag
Kikubaaqudgha
Makhleb
Nemelex Xobeh
Okawaru
Qazlal
Ru
Sif Muna
Trog
Vehumet
Xom
Yredelemnul
Zin
The Shining One
Beogh
Jiyva

Shops:
D:5 =   D:6 *   Orc:4 ((**   Snake:1 }   Vaults:1 ?


Innate Abilities, Weirdness & Mutations

You reflexively headbutt those who attack you in melee.
You have a pair of horns on your head.
You have a beak for a mouth.
You have large cloven feet.
You are mostly covered in molten scales (AC +3, EV -1).
You are partially covered in slimy green scales (AC +2).
You possess an exceptional clarity of mind.
You are frail (-10% HP).
You passively map a large area around you.


Message History

The hungry ghost closely misses you. You furiously retaliate!
You headbutt the hungry ghost! You hit the hungry ghost!!!
You burn the hungry ghost.
You destroy the hungry ghost!
Your surroundings seem slightly different.
The jiangshi claws you.
* * * LOW HITPOINT WARNING * * *
The jiangshi draws strength from your injuries!
You block the jiangshi's attack. x2
The jiangshi claws you!
* * * LOW HITPOINT WARNING * * *
The jiangshi misses you. You furiously retaliate!
You headbutt the jiangshi!! The jiangshi completely misses you.
As you read the scroll of teleportation, it crumbles to dust.
You feel strangely unstable. You block the jiangshi's attack.
You block the jiangshi's attack. x2
The jiangshi misses you. The jiangshi closely misses you.
You block the jiangshi's attack. The jiangshi completely misses you.
You furiously retaliate!
You headbutt the jiangshi. The jiangshi claws you!
You die...

* ,##....### , * ,
,##.)##.W# , , ,
#))#Dt..## , , ,, ,,
##))##^H..## , *
##.)..##..H.## * *
##......##WC{.## * *
##........##{z..#.
,,
,,+....##...X§.X..'.
, , ,
+@V..##....zV...'. ,
##V.......##....#. *
##...zC.##....## ,,
,,##....## ...## , ,
##..## ..## * ###
####* *


You could see a stone giant, 2 jiangshi and a flying skull.

Vanquished Creatures
  Norris (Vaults:1)
  2 tentacled monstrosities
  Vashnia (Snake:3)
  6 acid blobs
  4 sphinxes
  2 thorn hunters
  Kirke (Swamp:3)
  An azure jelly (Slime:1)
  A storm dragon (D:15)
  11 greater nagas (Snake:5)
  2 fire giants
  Maud (Lair:7)
  3 frost giants
  10 ironheart preservers
  2 very ugly things
  6 vault wardens
  5 stone giants
  The ghost of espenoss the Markscentaur, a powerful CeHu of Okawaru (Orc:4)
  Snorg (Swamp:1)
  A deep elf death mage (Vaults:4)
  13 vault guards
  2 fire dragons
  2 ettins (Vaults:4)
  2 green deaths (Swamp:5)
  5 yaktaur captains
  A minotaur (Lab)
  The ghost of Ngotmuk the Protected, a powerful MiFi of Okawaru (D:10)
  2 great orbs of eyes
  Harold (Lair:7)
  23 naga warriors
  2 rakshasas
  2 deep troll earth magi
  2 ghost crabs
  Nessos (Volcano)
  3 ice dragons
  4 centaur warriors
  29 hydras
  17 ogre magi
  7 anacondas
  2 catoblepae
  Erica (Lair:3)
  6 alligators
  2 tengu warriors (D:15)
  12 death yaks
  An orc high priest (Orc:4)
  A deep troll shaman (Vaults:3)
  8 shock serpents
  Urug (D:14)
  29 naga sharpshooters
  8 spriggans
  3 deep elf knights
  6 salamander mystics
  A shadow wraith (Vaults:1)
  8 swamp dragons
  15 skeletal warriors
  3 fire crabs
  3 spriggan druids
  2 flayed ghosts (D:15)
  6 shambling mangroves
  A deep elf summoner (Vaults:4)
  8 naga ritualists
  6 deep trolls
  7 orc knights
  2 lindwurms
  8 hill giants
  8 unseen horrors
  7 ironbrand convokers
  A giant orange brain (Vaults:2)
  9 salamanders
  3 harpies (Swamp:3)
  4 shining eyes (Slime:1)
  4 oklob plants (Snake:3)
  A phantasmal warrior (D:15)
  2 deep elf conjurers (Vaults:4)
  6 manticores
  7 griffons
  4 wizards
  3 wolf spiders
  8 ugly things
  11 mana vipers
  3 hornets
  A hornet (shapeshifter) (Vaults:2)
  3 orc sorcerers
  9 guardian serpents
  29 elephants
  31 black mambas
  A guardian serpent (shapeshifter) (D:15)
  2 centaur zombies (D:15)
  Joseph (D:7)
  6 cyclopes
  13 naga magi
  19 spiny frogs
  5 orange demons
  A torpor snail (Lair:2)
  8 vault sentinels
  2 gargoyles (D:15)
  A kobold demonologist (D:15)
  An eye of devastation (Slime:1)
  12 komodo dragons
  A hellwing (Vaults:4)
  An elf (shapeshifter) (Vaults:3)
  18 yaktaurs
  2 efreet (D:15)
  A redback zombie (D:14)
  6 fire drakes
  The ghost of espenoss the Chopper, an average DDBe of Trog (D:4)
  A jumping spider (Vaults:4)
  8 trolls
  7 polar bears (Lair:5)
  4 giant leeches
  4 freezing wraiths
  11 bog bodies
  A tengu conjurer (D:15)
  A deep elf priest (D:15)
  4 boulder beetles
  36 slime creatures
  20 blink frogs
  34 two-headed ogres
  A trapdoor spider (D:15)
  4 baby alligators (Swamp:5)
  14 ravens
  2 basilisks
  A griffon zombie (D:15)
  3 large abominations (Swamp:5)
  5 shadows
  A spriggan (shapeshifter) (Vaults:1)
  3 redbacks (Vaults:4)
  A tarantella (shapeshifter) (Vaults:2)
  6 wyverns
  9 fire bats
  31 yaks
  6 hungry ghosts
  A human (shapeshifter) (Vaults:1)
  4 hogs (Swamp:3)
  Eustachio (D:4)
  A steam dragon (D:10)
  2 wraiths
  2 deep elf magi (Vaults:1)
  A hog (shapeshifter) (Vaults:2)
  2 golden eyes (Slime:1)
  3 deep elf fighters
  83 nagas
  9 hippogriffs
  17 wolves
  27 vampire mosquitoes
  4 mottled dragons
  A soldier ant (shapeshifter) (D:15)
  A yaktaur simulacrum (Vaults:1)
  33 swamp worms
  5 wargs
  6 porcupines
  6 insubstantial wisps (Swamp:3)
  A soldier ant (D:15)
  5 swamp drakes
  34 water moccasins
  4 phantoms
  5 ice beasts
  5 eyes of draining
  The ghost of Ngotmuk the Covered, an average MiFi (D:5)
  4 black bears
  19 centaurs
  6 sky beasts
  41 orc warriors
  3 boggarts (D:15)
  5 wasps
  10 crocodiles
  88 ogres
  A boring beetle (Lair:8)
  Duvessa (D:6)
  4 brain worms
  A brain worm (shapeshifter) (Vaults:1)
  A fire crab zombie (D:15)
  22 giant frogs
  2 big kobolds
  A scorpion (Lair:1)
  5 killer bees (D:9)
  5 wights (D:7)
  2 quasits
  9 crimson imps
  An electric eel (Lair:8)
  3 goliath beetles
  Dowan (D:6)
  A vampire bat (Orc:2)
  A giant frog zombie (D:11)
  6 lava snakes (Volcano)
  4 jellies
  34 orc wizards
  33 orc priests
  10 iguanas
  6 centaur skeletons
  A gnoll shaman (Orc:4)
  A giant frog skeleton (D:7)
  15 hounds
  8 hell rats
  24 sheep
  11 worker ants
  8 big kobold zombies (Ossuary)
  3 hound zombies
  A mummy (Ossuary)
  An elf zombie (D:6)
  3 gnolls (Orc:4)
  12 river rats
  33 adders
  3 shadow imps
  2 worms
  An adder zombie (D:8)
  4 adder skeletons
  4 giant geckos
  An ooze (D:6)
  188 orcs
  2 spectral bats (Ossuary)
  2 ball pythons
  5 bat simulacra (Ossuary)
  4 giant cockroaches
  4 gnoll zombies (Ossuary)
  23 goblins
  22 hobgoblins
  43 kobolds
  11 quokkas
  16 bats
  3 goblin simulacra (Ossuary)
  3 goblin zombies (Ossuary)
  8 hobgoblin zombies (Ossuary)
  8 jackals
  6 kobold simulacra (Ossuary)
  4 kobold zombies (Ossuary)
  An orc zombie (Ossuary)
  A quokka skeleton (D:7)
  A quokka zombie (D:6)
  23 rats
  3 rat simulacra (Ossuary)
  3 spectral goblins (Ossuary)
  7 spectral kobolds (Ossuary)
  3 spectral rats (Ossuary)
  4 ballistomycetes
  2 briar patches (Swamp:4)
  A plant (Lair:5)
1936 creatures vanquished.

Vanquished Creatures (others)
  An ogre mage (Vaults:1)
  An alligator (Swamp:5)
  A two-headed ogre (Vaults:1)
  A hog (Swamp:3)
  A deep elf fighter (Vaults:1)
  2 vampire mosquitoes
  A swamp drake (Swamp:2)
  2 nagas (Snake:5)
  2 ogres (Vaults:1)
  A centaur (D:15)
  2 lost souls (Vaults:4)
  2 giant spores
  A hobgoblin zombie (Ossuary)
  An orc zombie (Ossuary)
  5 fungi
  A plant (Lair:8)
25 creatures vanquished.

Grand Total: 1961 creatures vanquished

Notes
Turn   | Place    | Note
--------------------------------------------------------------
     0 | D:1      | Ngotmuk, the Minotaur Fighter, began the quest for the Orb.
     0 | D:1      | Reached XP level 1. HP: 19/19 MP: 1/1
    73 | D:1      | Reached XP level 2. HP: 20/27 MP: 1/1
   283 | D:1      | Reached skill level 1 in Dodging
   725 | D:2      | Reached XP level 3. HP: 33/33 MP: 2/2
   809 | D:2      | Reached skill level 4 in Fighting
  1261 | D:3      | Reached XP level 4. HP: 38/40 MP: 2/2
  1541 | D:3      | Noticed an ice beast
  1553 | D:3      | Killed an ice beast
  1553 | D:3      | Reached XP level 5. HP: 45/47 MP: 2/2
  1590 | D:3      | Reached skill level 5 in Fighting
  1653 | D:3      | Found a basalt altar of Yredelemnul.
  1734 | D:4      | Reached XP level 6. HP: 54/56 MP: 3/3
  1758 | D:4      | Found a glowing silver altar of Zin.
  1787 | D:4      | Noticed an ogre
  1876 | D:4      | Noticed an ogre
  1885 | D:4      | Killed an ogre
  1885 | D:4      | Reached skill level 5 in Armour
  1885 | D:4      | Reached skill level 5 in Shields
  2171 | D:3      | Killed an ogre
  2485 | D:4      | Reached XP level 7. HP: 55/61 MP: 3/3
  2576 | D:4      | Noticed Eustachio
  2586 | D:4      | Killed Eustachio
  2610 | D:4      | Noticed espenoss' ghost (average DDBe)
  2628 | D:4      | Killed espenoss' ghost
  2628 | D:4      | Reached skill level 6 in Fighting
  2628 | D:4      | Reached skill level 5 in Maces & Flails
  2679 | D:4      | Found a shattered altar of Ashenzari.
  2766 | D:4      | Found a snail-covered altar of Cheibriados.
  2771 | D:4      | Became a worshipper of Cheibriados the Contemplative
  2888 | D:4      | Reached XP level 8. HP: 62/70 MP: 3/3
  3099 | D:5      | Entered Level 5 of the Dungeon
  3211 | D:5      | Found Fuquurgh's Jewellery Shoppe.
  3238 | D:5      | Noticed Ngotmuk's ghost (average MiFi)
  3248 | D:5      | Killed Ngotmuk's ghost
  3566 | D:5      | Found an iron altar of Okawaru.
  4190 | D:5      | Acquired Cheibriados' first power
  4363 | D:6      | Found Plon's Practical Paraphernalia.
  4422 | D:6      | Found an iron altar of Okawaru.
  4469 | D:6      | Found a staircase to the Ecumenical Temple.
  4551 | D:6      | Noticed Dowan
  4552 | D:6      | Noticed Duvessa
  4566 | D:6      | Killed Duvessa
  4566 | D:6      | Reached skill level 5 in Dodging
  4586 | D:6      | Killed Dowan
  4586 | D:6      | Reached skill level 7 in Fighting
  5710 | D:7      | Noticed Joseph
  5725 | D:7      | Killed Joseph
  5725 | D:7      | Reached XP level 9. HP: 77/79 MP: 4/4
  5771 | D:7      | Gained mutation: You have supernaturally acute eyesight. [mutagenic meat]
  5772 | D:7      | Gained mutation: You possess an exceptional clarity of mind. [mutagenic meat]
  5773 | D:7      | Gained mutation: Your spells are a little harder to cast, but a little more powerful. [mutagenic meat]
  5906 | D:7      | Found a sand-covered staircase.
  5911 | Ossuary  | Entered an ossuary
  5960 | Ossuary  | Acquired Cheibriados' second power
  6146 | Ossuary  | Acquired Cheibriados' third power
  6341 | D:7      | Reached skill level 8 in Fighting
  6397 | D:7      | Lost mutation: You possess an exceptional clarity of mind. [potion of mutation]
  6397 | D:7      | Gained mutation: You have a pair of large horns on your head. [potion of mutation]
  6397 | D:7      | Gained mutation: Your system is resistant to poisons. [potion of mutation]
  6398 | D:7      | Gained mutation: You evolve. [potion of beneficial mutation]
  6508 | D:7      | Acquired Cheibriados' fourth power
  7343 | D:8      | Found a stormy altar of Qazlal.
  7470 | D:8      | Found a white marble altar of Elyvilon.
  7539 | D:9      | Reached XP level 10. HP: 90/90 MP: 4/4
  7762 | D:9      | Reached skill level 9 in Fighting
  8453 | D:10     | Entered Level 10 of the Dungeon
  8460 | D:10     | Noticed Ngotmuk's ghost (powerful MiFi)
  8474 | D:10     | Killed Ngotmuk's ghost
  8680 | D:10     | Gained mutation: Your flesh is heat resistant. [mutagenic meat]
  8708 | D:10     | Found a staircase to the Orcish Mines.
  8964 | D:11     | Noticed a hill giant
  8965 | D:11     | Noticed a skeletal warrior
  8967 | D:11     | Killed a hill giant
  8968 | D:11     | Noticed a skeletal warrior
  8970 | D:11     | Noticed a skeletal warrior
  8975 | D:11     | Killed a skeletal warrior
  8975 | D:11     | Reached skill level 10 in Fighting
  8975 | D:11     | Reached XP level 11. HP: 71/99 MP: 4/4
  8985 | D:11     | Killed a skeletal warrior
  8996 | D:11     | Killed a skeletal warrior
  9209 | D:11     | Noticed a cyclops
  9220 | D:11     | Killed a cyclops
  9220 | D:11     | Reached skill level 10 in Armour
  9220 | D:11     | Reached skill level 10 in Shields
  9253 | D:11     | Found a staircase to the Lair.
  9306 | D:11     | Gained mutation: Your muscles are strong. (Str +2) [evolution]
  9372 | D:11     | Noticed a hill giant
  9385 | D:11     | Killed a hill giant
  9385 | D:11     | Reached skill level 10 in Maces & Flails
  9653 | D:11     | Gained mutation: You passively map a small area around you. [potion of beneficial mutation]
 10171 | D:12     | Got a steaming trident
 10172 | D:12     | Identified the +4 trident of the Harvest {drain, rPois} (You found it on level 12 of the Dungeon)
 10425 | D:12     | Found a glowing golden altar of the Shining One.
 11114 | D:13     | Noticed a hill giant
 11119 | D:13     | Killed a hill giant
 11119 | D:13     | Reached skill level 11 in Fighting
 11137 | D:14     | Noticed an eight-headed hydra
 11144 | D:14     | Killed an eight-headed hydra
 11294 | D:14     | Noticed a vault guard
 11299 | D:14     | Noticed a vault guard
 11359 | D:14     | Noticed Urug
 11366 | D:14     | Killed Urug
 11366 | D:14     | Reached XP level 12. HP: 98/110 MP: 5/5
 11424 | D:14     | Noticed a hill giant
 11428 | D:14     | Killed a hill giant
 11443 | D:14     | Noticed an unseen horror
 11445 | D:14     | Killed an unseen horror
 11514 | D:14     | Noticed an unseen horror
 11526 | D:14     | Killed an unseen horror
 11550 | D:14     | Reached skill level 10 in Dodging
 11611 | D:14     | Noticed a hill giant
 11616 | D:14     | Killed a hill giant
 11764 | D:14     | Noticed a vault guard
 11765 | D:14     | Noticed a wizard
 11935 | Orc:1    | Entered Level 1 of the Orcish Mines
 12212 | Orc:1    | Found a bloodstained altar of Trog.
 12337 | Orc:1    | Noticed an ogre mage
 12361 | Orc:1    | Killed an ogre mage
 13244 | Orc:3    | Found a roughly hewn altar of Beogh.
 13250 | Orc:3    | Reached skill level 12 in Fighting
 13301 | Orc:3    | Found a staircase to the Elven Halls.
 13373 | Orc:3    | Found a roughly hewn altar of Beogh.
 13412 | Orc:3    | Found a dark tunnel.
 13434 | Volcano  | Entered a volcano
 13759 | Volcano  | Noticed Nessos
 13800 | Volcano  | Killed Nessos
 13808 | Volcano  | Found a burning altar of Makhleb.
 14195 | Orc:4    | Entered Level 4 of the Orcish Mines
 14227 | Orc:4    | Noticed espenoss' ghost (powerful CeHu)
 14258 | Orc:4    | Killed espenoss' ghost
 14258 | Orc:4    | Reached XP level 13. HP: 108/118 MP: 5/5
 14692 | Orc:4    | Found Elulioxai's Weapon Emporium.
 14692 | Orc:4    | Noticed an ogre mage
 14693 | Orc:4    | Noticed an ogre mage
 14693 | Orc:4    | Noticed an ogre mage
 14703 | Orc:4    | Killed an ogre mage
 14715 | Orc:4    | Killed an ogre mage
 14751 | Orc:4    | Found Tuoresmaisa's Antique Weapon Shop.
 14751 | Orc:4    | Found Oxeoh's General Store.
 14751 | Orc:4    | Found Haycycysm's Assorted Antiques.
 14756 | Orc:4    | Killed an ogre mage
 14979 | Orc:4    | Bought a crystal flail for 229 gold pieces
 14979 | Orc:4    | Identified the cursed +1 flail of the Chickpea {elec, rN+} (You bought it in a shop on level 4 of the Orcish Mines)
 15470 | Orc:3    | Reached skill level 13 in Fighting
 15490 | Orc:3    | Got a crude mace
 15530 | Orc:3    | Identified the +2 mace of Cimoiv {drain, +Blink +Fly} (You took it off an orc warrior on level 3 of the Orcish Mines)
 15940 | D:14     | Noticed a fire dragon
 15943 | D:14     | Killed a fire dragon
 15967 | D:15     | Entered Level 15 of the Dungeon
 16081 | D:14     | Noticed a vault guard
 16081 | D:14     | Killed a wizard
 16083 | D:14     | Noticed a vault guard
 16091 | D:14     | Killed a vault guard
 16099 | D:14     | Killed a vault guard
 16103 | D:14     | Killed a vault guard
 16104 | D:14     | Found a gate to the Vaults.
 16121 | D:14     | Killed a vault guard
 16124 | D:14     | Killed a vault guard
 16158 | D:14     | Reached XP level 14. HP: 122/129 MP: 5/5
 16519 | D:15     | Found a shimmering altar of Xom.
 16519 | D:15     | Found a glowing silver altar of Zin.
 16519 | D:15     | Found an ancient bone altar of Kikubaaqudgha.
 16608 | D:15     | Noticed a sphinx
 16620 | D:15     | Paralysed by a sphinx for 5 turns
 16629 | D:15     | Killed a sphinx
 16662 | D:15     | Reached skill level 14 in Fighting
 17000 | D:15     | Noticed a fire giant
 17017 | D:15     | Killed a fire giant
 17076 | D:15     | Gained mutation: You passively map the area around you. [evolution]
 17222 | D:15     | Noticed a frost giant
 17229 | D:15     | Killed a frost giant
 17238 | D:15     | Reached XP level 15. HP: 83/139 MP: 4/6
 17379 | D:15     | Identified the Disquisition on Summoning
 17412 | D:15     | Noticed a storm dragon
 17434 | D:15     | Killed a storm dragon
 17450 | D:15     | Identified Vobah's Papyrus of Combat Magic and the Arsonist
 17731 | D:15     | Found a staircase to the Depths.
 17992 | Lair:1   | Entered Level 1 of the Lair of Beasts
 18045 | Lair:1   | Reached skill level 15 in Fighting
 19424 | Lair:3   | Noticed Erica
 19429 | Lair:3   | Killed Erica
 19539 | Lair:3   | Found a labyrinth entrance.
 19549 | Lab      | Entered a labyrinth
 20296 | Lab      | Identified the Compendium of Mutagenic Earth
 20769 | Lair:3   | Reached skill level 15 in Armour
 21133 | Lair:4   | Found a snail-covered altar of Cheibriados.
 21219 | Lair:4   | Identified a scroll of acquirement
 21348 | Lair:4   | Reached skill level 1 in Invocations
 21439 | Lair:4   | You fall through a shaft for 2 floors!
 21561 | Lair:6   | Lost mutation: Your spells are a little harder to cast, but a little more powerful. [evolution]
 21661 | Lair:6   | Reached skill level 15 in Shields
 22471 | Lair:7   | Noticed Maud
 22480 | Lair:7   | Killed Maud
 22587 | Lair:7   | Noticed Harold
 22596 | Lair:7   | Killed Harold
 22596 | Lair:7   | Reached XP level 16. HP: 149/149 MP: 12/12
 22982 | Lair:8   | Entered Level 8 of the Lair of Beasts
 23099 | Lair:8   | Reached skill level 15 in Maces & Flails
 23198 | Lair:8   | Gained mutation: You are partially covered in molten scales (AC +1). [evolution]
 23357 | Lair:8   | Noticed an acid blob
 23370 | Lair:8   | Killed an acid blob
 23564 | Lair:8   | Got a pitted flail
 23569 | Lair:8   | Identified the +5 flail of Hegol {flame, rPois Stlth+} (You found it on level 8 of the Lair of Beasts)
 23669 | Lair:8   | Reached skill level 16 in Shields
 23969 | Lair:8   | Found a viscous altar of Jiyva.
 23970 | Lair:8   | Found a staircase to the Slime Pits.
 23987 | Slime:1  | Entered Level 1 of the Pits of Slime
 23996 | Slime:1  | Gained mutation: You are dopey. (Int -2) [a shining eye]
 23996 | Slime:1  | Gained mutation: You expend magic power (3 MP) to slightly strengthen your wands. [a shining eye]
 24033 | Slime:1  | Noticed an acid blob
 24039 | Slime:1  | Killed an acid blob
 24084 | Slime:1  | Noticed an acid blob
 24092 | Slime:1  | Killed an acid blob
 24095 | Slime:1  | Noticed an acid blob
 24108 | Slime:1  | Killed an acid blob
 24108 | Slime:1  | Reached skill level 15 in Dodging
 24108 | Slime:1  | Gained mutation: Your spells are a little easier to cast, but a little less powerful. [a shining eye]
 24113 | Slime:1  | Gained mutation: You tend to lose your temper in combat. [a shining eye]
 24114 | Slime:1  | Gained mutation: Your body is slowly deteriorating. [a shining eye]
 24192 | Slime:1  | Noticed an acid blob
 24195 | Slime:1  | Noticed an acid blob
 24198 | Slime:1  | Killed an acid blob
 24205 | Slime:1  | Killed an acid blob
 24427 | Slime:1  | Gained mutation: You heal slowly when monsters are visible. [a shining eye]
 24429 | Slime:1  | Gained mutation: You are very dopey. (Int -4) [a shining eye]
 24682 | Slime:1  | Lost mutation: Your muscles are strong. (Str +2) [evolution]
 24682 | Slime:1  | Lost mutation: You evolve. [end of evolution]
 24905 | Lair:8   | Lost mutation: You have a pair of large horns on your head. [potion of cure mutation]
 24905 | Lair:8   | Lost mutation: You expend magic power (3 MP) to slightly strengthen your wands. [potion of cure mutation]
 24905 | Lair:8   | Lost mutation: You heal slowly when monsters are visible. [potion of cure mutation]
 24905 | Lair:8   | Lost mutation: You tend to lose your temper in combat. [potion of cure mutation]
 25028 | Lair:8   | Reached skill level 5 in Invocations
 25028 | Lair:8   | Reached XP level 17. HP: 144/158 MP: 19/19
 25930 | Lair:4   | Found a staircase to the Swamp.
 25935 | Lair:4   | Found a staircase to the Snake Pit.
 26904 | Snake:1  | Entered Level 1 of the Snake Pit
 27085 | Snake:1  | Gained mutation: You have a somewhat thin skeletal structure (Dex +2, Stealth). [mutagenic meat]
 27086 | Snake:1  | Gained mutation: You are mostly covered in molten scales (AC +3, EV -1). [mutagenic meat]
 27087 | Snake:1  | Gained mutation: You expend magic power (3 MP) to slightly strengthen your wands. [mutagenic meat]
 27088 | Snake:1  | Gained mutation: You expend magic power (6 MP) to strengthen your wands. [mutagenic meat]
 27272 | Snake:1  | Reached skill level 17 in Shields
 27383 | Snake:1  | Lost mutation: Your spells are a little easier to cast, but a little less powerful. [mutagenic meat]
 27386 | Snake:1  | Lost mutation: Your body is slowly deteriorating. [mutagenic meat]
 27638 | Snake:1  | Found Qotaco's Gadget Shop.
 28841 | Snake:3  | Noticed Vashnia
 28856 | Snake:3  | Killed Vashnia
 30422 | Snake:4  | Lost mutation: You expend magic power (6 MP) to strengthen your wands. [potion of mutation]
 30422 | Snake:4  | Gained mutation: You possess an exceptional clarity of mind. [potion of mutation]
 30422 | Snake:4  | Lost mutation: You have a somewhat thin skeletal structure (Dex +2, Stealth). [potion of mutation]
 30549 | Snake:4  | Lost mutation: Your system is resistant to poisons. [potion of mutation]
 30549 | Snake:4  | Lost mutation: You have supernaturally acute eyesight. [potion of mutation]
 30549 | Snake:4  | Gained mutation: Your flesh is cold resistant. [potion of mutation]
 30769 | Snake:5  | Entered Level 5 of the Snake Pit
 30817 | Snake:5  | Reached XP level 18. HP: 143/168 MP: 23/23
 32051 | Snake:5  | Gained mutation: You are resistant to electric shocks. [mutagenic meat]
 32052 | Snake:5  | Lost mutation: You expend magic power (3 MP) to slightly strengthen your wands. [mutagenic meat]
 32191 | Snake:5  | Got a serpentine rune of Zot
 32502 | Snake:5  | Lost mutation: You are resistant to electric shocks. [mutagenic meat]
 32812 | Snake:5  | Reached skill level 18 in Shields
 33548 | Swamp:1  | Entered Level 1 of the Swamp
 33650 | Swamp:1  | Noticed Snorg
 33657 | Swamp:1  | Killed Snorg
 34268 | Swamp:2  | Reached XP level 19. HP: 124/179 MP: 26/26
 35052 | Swamp:3  | Noticed Kirke
 35135 | Swamp:3  | Killed Kirke
 35948 | Swamp:4  | Identified the Handbook of Dark Confrontation
 35979 | Swamp:4  | Got a translucent ivory amulet
 35981 | Swamp:4  | Identified the amulet "Irasuwk" {rMut Str+5} (You found it on level 4 of the Swamp)
 36448 | Swamp:5  | Entered Level 5 of the Swamp
 37008 | Swamp:5  | Gained mutation: You passively map a large area around you. [mutagenic meat]
 37463 | Swamp:5  | Got a decaying rune of Zot
 38171 | Temple   | Entered the Ecumenical Temple
 38440 | D:13     | Noticed a four-headed hydra
 38444 | D:13     | Killed a four-headed hydra
 38501 | Vaults:1 | Entered Level 1 of the Vaults
 38517 | Vaults:1 | Paralysed by a sphinx for 4 turns
 38628 | Vaults:1 | Lost mutation: You are very dopey. (Int -4) [mutagenic meat]
 38629 | Vaults:1 | Gained mutation: You have a beak for a mouth. [mutagenic meat]
 38630 | Vaults:1 | Lost mutation: Your flesh is heat resistant. [mutagenic meat]
 38656 | Vaults:1 | Reached skill level 10 in Invocations
 38691 | Vaults:1 | Reached XP level 20. HP: 187/189 MP: 20/28
 38849 | Vaults:1 | Reached skill level 19 in Shields
 38957 | Vaults:1 | Noticed Norris
 38971 | Vaults:1 | Killed Norris
 39501 | Vaults:1 | Found Liaqukaq's Magic Scroll Shoppe.
 39704 | Vaults:2 | Found a staircase to the Crypt.
 39704 | Vaults:2 | Found a basalt altar of Yredelemnul.
 39705 | Vaults:2 | Found an ancient bone altar of Kikubaaqudgha.
 39825 | Vaults:2 | Gained mutation: You are frail (-10% HP). [mutagenic meat]
 40083 | Vaults:2 | Gained mutation: You are partially covered in slimy green scales (AC +2). [mutagenic meat]
 40085 | Vaults:2 | Lost mutation: You are dopey. (Int -2) [mutagenic meat]
 40405 | Vaults:2 | Got a vibrating iron ring
 40462 | Vaults:2 | Identified the ring of Deun {Fire rElec MP+9 SInv} (You found it on level 2 of the Vaults)
 41031 | Vaults:3 | Got a crude wooden ring
 41040 | Vaults:3 | Identified the ring "Uphidaj" {rPois rF+ MR+ Str+5} (You found it on level 3 of the Vaults)
 41043 | Vaults:3 | Gained mutation: You have large cloven feet. [mutagenic meat]
 41147 | Vaults:3 | Lost mutation: Your flesh is cold resistant. [mutagenic meat]
 42351 | Vaults:4 | Reached XP level 21. HP: 169/179 MP: 30/30
 42406 | Vaults:4 | HP: 4/179 [jiangshi[a vampire mage] (9)]
 42407 | Vaults:4 | Mangled by a jiangshi

Action                   |  1- 3 |  4- 6 |  7- 9 | 10-12 | 13-15 | 16-18 | 19-21 || total
-------------------------+-------+-------+-------+-------+-------+-------+-------++-------
Melee: Flail             |    84 |   120 |   402 |       |   768 |  1550 |  1139 ||  4063
       Unarmed           |       |       |    11 |       |       |       |     4 ||    15
       Mace              |       |       |    46 |   612 |   151 |       |       ||   809
Invok: Slouch            |       |       |       |       |       |       |    12 ||    12
Evoke: Wand              |       |       |       |     3 |     2 |       |     3 ||     8
  Use: Scroll            |       |       |    27 |    11 |     4 |     7 |     6 ||    55
       Potion            |       |       |     2 |     2 |     1 |     4 |     3 ||    12
 Stab: Fleeing           |       |       |     1 |     1 |       |     1 |       ||     3
       Sleeping          |       |       |       |     5 |       |       |       ||     5
       Confused          |       |       |       |       |       |     1 |     1 ||     2
  Eat: Fruit             |       |     5 |     2 |     5 |     7 |     8 |       ||    27
       Meat ration       |       |     1 |     1 |     2 |     2 |     4 |     3 ||    13
       Royal jelly       |       |       |     1 |       |       |     1 |     3 ||     5
       Beef jerky        |       |       |     1 |       |       |       |       ||     1
       Chunk             |       |       |     3 |     2 |     2 |    15 |    23 ||    45
       Pizza             |       |       |       |     2 |       |     2 |       ||     4
